 Dungeon Crawl Stone Soup version 0.18.1-50-g88ac8fd (webtiles) character file.

31292 wamma the Impaler (level 13, -3/122 HPs)
             Began as a Minotaur Berserker on Sept 14, 2016.
             Was the Champion of Trog.
             Slain by a battleaxe of electrocution (13 damage)
             ... on level 2 of the Elven Halls.
             The game lasted 00:58:57 (11688 turns).

wamma the Impaler (Minotaur Berserker)             Turns: 11688, Time: 00:58:57

Health: -3/122     AC: 30    Str: 27    XL:     13   Next: 25%
Magic:  12/12      EV: 13    Int:  4    God:    Trog [******]
Gold:   1213       SH:  0    Dex: 18    Spells: 0 memorised, 12 levels left

rFire  . . .     SeeInvis .     G - +10 demon trident "Gipnaj" {freeze, Str+2 Dex+3}
rCold  . . .     Gourm    .     p - +5 plate armour of Inviolability {Regen+ Dex+3 Stlth+}
rNeg   . . .     Faith    .     (no shield)
rPois  +         Spirit   .     (helmet restricted)
rElec  .         Dismiss  +     (no cloak)
rCorr  .         Reflect  .     (no gloves)
SustAt .         Harm     .     y - +2 pair of boots
MR     .....                    e - amulet of dismissal
Stlth  ..........               o - +5 ring of protection
                                B - ring of poison resistance

@: not resistant to hostile enchantments, extremely unstealthy
A: retaliatory headbutt, horns 2
a: Berserk, Trog's Hand, Brothers in Arms, Burn Spellbooks, Renounce Religion


You were on level 2 of the Elven Halls.
You worshipped Trog.
Trog was exalted by your worship.
You were not hungry.

You visited 3 branches of the dungeon, and saw 14 of its levels.
You also visited: Sewer.

You collected 1213 gold pieces.

Inventory:

Hand Weapons
 a - a +0 spear
 q - a +0 trident
 v - a +3 antimagic glaive
 x - a +3 antimagic glaive
 A - a +4 bardiche of protection
 F - a +0 trident
 G - the +10 demon trident "Gipnaj" (weapon) {freeze, Str+2 Dex+3}
   (Trog gifted it to you on level 10 of the Dungeon)

   It has been specially enchanted to freeze those struck by it, causing extra
   injury to most foes and up to half again as much damage against particularly
   susceptible opponents.
   It can also slow down cold-blooded creatures.
   It affects your strength (+2).
   It affects your dexterity (+3).
 H - a cursed -2 rapier
 I - a +0 falchion
Armour
 b - a +0 animal skin
 f - a +0 ring mail
 i - a +0 robe of magic resistance
 p - the +5 plate armour of Inviolability (worn) {Regen+ Dex+3 Stlth+}
   (You found it on level 4 of the Dungeon)

   It affects your dexterity (+3).
   It increases your rate of regeneration.
   It makes you more stealthy.
 w - a cursed +0 scale mail
 y - a +2 pair of boots (worn)
Jewellery
 d - an uncursed ring of ice
 e - an amulet of dismissal (around neck)
 n - an uncursed ring of protection from cold {unknown}
 o - a +5 ring of protection (right hand)
 s - an uncursed amulet of rage {unknown}
 t - an uncursed amulet of the gourmand {unknown}
 z - a +3 ring of protection
 B - a ring of poison resistance (left hand)
 C - a +4 ring of intelligence
 E - an uncursed ring of poison resistance
Wands
 r - a wand of enslavement (21/24)
Scrolls
 g - 5 scrolls of remove curse
 j - 4 scrolls of teleportation
 l - 4 scrolls of fear
Potions
 k - a potion of brilliance
 m - a potion of berserk rage
 D - a potion of invisibility {unknown}
Comestibles
 c - 6 bread rations
 h - 3 royal jellies
 u - 4 meat rations
 K - 7 slices of pizza


   Skills:
 + Level 13.5 Fighting
 + Level 16.3 Polearms
 + Level 14.1 Armour
 + Level 7.4 Dodging
 + Level 2.0 Stealth


You had 12 spell levels left.
You didn't know any spells.

Dungeon Overview and Level Annotations

Branches:
Dungeon (10/15)            Temple (0/1) D:4             Orc (2/2) D:9
    Elf (2/3) Orc:2
   Lair: D:8-11

Altars:
Ashenzari
Dithmenos
Fedhas
Makhleb
Okawaru
Pakellas
Qazlal
Ru
Sif Muna
Trog
Vehumet
Yredelemnul
Beogh

Shops:
Orc:2 (


Innate Abilities, Weirdness & Mutations

You reflexively headbutt those who attack you in melee.
You have a pair of horns on your head.


Message History

An arrow appears from out of thin air!
The arrow hits you.
The trident of holy wrath hits you but does no damage.
You continue eating.
The trident of freezing hits you but does no damage.
The battleaxe of electrocution hits you but does no damage.
The deep elf knight hits you but does no damage.
The trident of holy wrath hits you from afar.
The deep elf mage points at you and mumbles some strange words.
The shard of ice misses you.
The trident of freezing hits you but does no damage.
You hear some strange, mumbled words.
A shard of ice appears from out of thin air!
The shard of ice hits you!
* * * LOW HITPOINT WARNING * * *
You continue eating.
The trident of holy wrath hits you but does no damage.
The battleaxe of electrocution hits you!
* * * LOW HITPOINT WARNING * * *
You are electrocuted!
You die...

#...........#.((...#
#.........###.(...#
##........## ##...## .
#..........###...## ..
##...........#..(.##
...#..................##
.....(...(.............#
.....(e...............##
......ยง@.........(...##
......(e.........(...##
......................##
...#............((.....#
.. ##...........#.....##
. #..........###...##
##........## ##..##
#.........###....##
.......#......#


You could see a deep elf knight, a deep elf mage and 3 dancing weapons.

Vanquished Creatures
  3 deep elf death magi (Elf:1)
  5 dancing weapons
  2 orc high priests
  A deep elf knight (Elf:1)
  The ghost of Lovchig the Blocker, a novice DDFi of the Shining One (D:8)
  2 orc knights (Orc:2)
  A deep elf archer (Elf:1)
  22 deep elf magi
  An ugly thing (D:7)
  3 orc sorcerers
  A cyclops (Orc:2)
  A guardian serpent (shapeshifter) (Elf:1)
  Joseph (D:9)
  A centaur skeleton (D:10)
  2 trolls (Orc:2)
  A two-headed ogre (D:8)
  Prince Ribbit (D:6)
  Grinder (D:5)
  7 yaks (D:10)
  2 air elementals
  2 wyverns
  A fire elemental (Elf:1)
  A hippogriff (D:10)
  A human (D:8)
  A steam dragon (D:10)
  2 wargs (Orc:2)
  5 sky beasts
  2 black bears
  23 orc warriors
  An ice beast (D:9)
  9 centaurs
  5 ogres
  A necrophage (D:9)
  2 crocodiles
  2 big kobolds (D:10)
  9 giant frogs
  A wyvern zombie (D:10)
  2 earth elementals (Elf:1)
  A water moccasin skeleton (D:7)
  A killer bee (D:10)
  4 crimson imps
  5 howler monkeys
  A quasit (D:8)
  5 hounds
  2 giant frog zombies (D:9)
  5 jellies
  A gnoll shaman (D:7)
  14 orc wizards
  2 giant frog skeletons
  6 orc priests
  5 iguanas
  6 worker ants
  2 killer bee zombies
  A howler monkey skeleton (D:9)
  12 adders
  4 shadow imps
  2 oozes
  An adder zombie (D:7)
  3 worms
  10 giant geckos
  71 orcs
  3 giant cockroaches
  6 goblins
  4 hobgoblins
  6 jackals
  2 quokkas
  12 bats
  A giant gecko zombie (D:7)
  6 giant newts
  A jackal skeleton (D:6)
  A jackal zombie (D:8)
  16 kobolds
  2 quokka skeletons
  4 rats
357 creatures vanquished.

Vanquished Creatures (others)
  A wizard (D:8)
  A jelly (D:7)
  A kobold (D:10)
3 creatures vanquished.

Grand Total: 360 creatures vanquished

Notes
Turn   | Place    | Note
--------------------------------------------------------------
     0 | D:1      | wamma the Minotaur Berserker began the quest for the Orb.
     0 | D:1      | Reached XP level 1. HP: 19/19 MP: 0/0
   281 | D:1      | Reached XP level 2. HP: 26/27 MP: 1/1
   848 | D:1      | Reached skill level 4 in Polearms
   988 | D:2      | Reached ** piety under Trog
  1021 | D:2      | Reached XP level 3. HP: 17/33 MP: 2/2
  1871 | D:3      | Found a blossoming altar of Fedhas.
  1894 | D:3      | Reached XP level 4. HP: 34/41 MP: 3/3
  1938 | D:3      | Found a glowing drain.
  2060 | D:3      | HP: 1/41 [worm (8)]
  2289 | Sewer    | Entered a sewer
  2322 | Sewer    | Noticed a crocodile
  2332 | Sewer    | Killed a crocodile
  2332 | Sewer    | Reached XP level 5. HP: 43/47 MP: 4/4
  2340 | Sewer    | Reached *** piety under Trog
  2872 | D:3      | Found a faded altar to an unknown god.
  3088 | D:4      | Reached skill level 1 in Stealth
  3103 | D:4      | Found a staircase to the Ecumenical Temple.
  3179 | D:4      | Got a translucent plate armour
  3190 | D:4      | Identified the +5 plate armour of Inviolability {Regen+ Dex+3 Stlth+} (You found it on level 4 of the Dungeon)
  3218 | D:4      | Reached XP level 6. HP: 53/55 MP: 5/5
  3230 | D:4      | Reached skill level 5 in Fighting
  3230 | D:4      | Reached skill level 5 in Armour
  3423 | D:4      | Found a sacrificial altar of Ru.
  3460 | D:4      | Reached skill level 5 in Polearms
  3592 | D:4      | Found a deep blue altar of Sif Muna.
  3629 | D:5      | Entered Level 5 of the Dungeon
  3812 | D:5      | Noticed Grinder
  3814 | D:5      | Paralysed by Grinder for 7 turns
  3830 | D:5      | Paralysed by Grinder for 7 turns
  3844 | D:5      | Killed Grinder
  3844 | D:5      | Reached XP level 7. HP: 61/61 MP: 6/6
  4066 | D:5      | Found a shadowy altar of Dithmenos.
  4083 | D:5      | Reached skill level 6 in Polearms
  4739 | D:6      | Noticed Prince Ribbit
  4740 | D:6      | Found an iron altar of Okawaru.
  4749 | D:6      | Reached skill level 5 in Dodging
  4755 | D:6      | Reached XP level 8. HP: 71/71 MP: 7/7
  4761 | D:6      | Killed Prince Ribbit
  4761 | D:6      | Reached skill level 7 in Polearms
  4908 | D:6      | Found an oddly glowing altar of Pakellas.
  5304 | D:7      | Reached **** piety under Trog
  5304 | D:7      | Reached skill level 8 in Polearms
  5825 | D:7      | Reached XP level 9. HP: 79/79 MP: 8/8
  5899 | D:7      | Found a radiant altar of Vehumet.
  6071 | D:7      | Noticed a brown ugly thing
  6269 | D:7      | Received a gift from Trog
  6285 | D:7      | Reached skill level 9 in Polearms
  6317 | D:7      | Killed a brown ugly thing
  6317 | D:7      | Reached skill level 10 in Armour
  6901 | D:8      | Reached skill level 10 in Polearms
  6901 | D:8      | Reached XP level 10. HP: 90/90 MP: 9/9
  7173 | D:8      | Identified a scroll of acquirement
  7267 | D:8      | Noticed Lovchig's ghost (novice DDFi)
  7372 | D:8      | Found a bloodstained altar of Trog.
  7376 | D:8      | Noticed a wizard
  7381 | D:8      | Killed a wizard
  7549 | D:8      | Killed Lovchig's ghost
  7809 | D:9      | Found a stormy altar of Qazlal.
  7811 | D:9      | Found a basalt altar of Yredelemnul.
  7821 | D:9      | Found a bloodstained altar of Trog.
  7826 | D:9      | Found a shattered altar of Ashenzari.
  7827 | D:9      | Found a burning altar of Makhleb.
  7971 | D:9      | Reached ***** piety under Trog
  7976 | D:9      | Reached skill level 11 in Polearms
  7999 | D:9      | Found a staircase to the Orcish Mines.
  8287 | D:9      | Noticed Joseph
  8296 | D:9      | Killed Joseph
  8446 | Orc:1    | Entered Level 1 of the Orcish Mines
  8446 | Orc:1    | Noticed an orc high priest
  8446 | Orc:1    | Noticed an orc sorcerer
  8548 | D:10     | Entered Level 10 of the Dungeon
  8561 | D:10     | Reached skill level 10 in Fighting
  8972 | D:10     | Reached skill level 12 in Polearms
  8972 | D:10     | Reached XP level 11. HP: 93/100 MP: 10/10
  9080 | D:10     | Received a gift from Trog
  9098 | D:10     | Got a slimy demon trident {god gift}
  9099 | D:10     | Identified the +10 demon trident "Gipnaj" {freeze, Str+2 Dex+3} (Trog gifted it to you on level 10 of the Dungeon)
  9725 | Orc:1    | Noticed a soul eater
  9733 | Orc:1    | Killed an orc sorcerer
  9762 | Orc:1    | Killed an orc high priest
  9892 | Orc:2    | Entered Level 2 of the Orcish Mines
  9892 | Orc:2    | Found a staircase to the Elven Halls.
  9892 | Orc:2    | Noticed an orc knight
  9894 | Orc:2    | Noticed an orc knight
  9911 | Orc:2    | Killed an orc knight
  9911 | Orc:2    | Reached skill level 13 in Polearms
  9922 | Orc:2    | Killed an orc knight
  9981 | Orc:2    | Found Nexziss's Antique Weapon Shop.
 10172 | Orc:2    | Noticed an orc sorcerer
 10181 | Orc:2    | Killed an orc sorcerer
 10222 | Orc:2    | Reached ****** piety under Trog
 10222 | Orc:2    | Received a gift from Trog
 10304 | Orc:2    | Found a roughly hewn altar of Beogh.
 10304 | Orc:2    | Noticed an orc high priest
 10304 | Orc:2    | Noticed an orc sorcerer
 10315 | Orc:2    | Killed an orc sorcerer
 10322 | Orc:2    | Killed an orc high priest
 10322 | Orc:2    | Reached skill level 14 in Polearms
 10444 | Elf:1    | Entered Level 1 of the Elven Halls
 10446 | Elf:1    | Noticed a deep elf mage
 10446 | Elf:1    | Noticed a deep elf mage
 10446 | Elf:1    | Noticed a deep elf mage
 10446 | Elf:1    | Noticed a deep elf mage
 10452 | Elf:1    | Killed a deep elf mage
 10452 | Elf:1    | Reached XP level 12. HP: 111/111 MP: 11/11
 10624 | Elf:1    | Noticed a deep elf death mage
 10625 | Elf:1    | Noticed a deep elf death mage
 10629 | Elf:1    | Killed a deep elf death mage
 10635 | Elf:1    | Killed a deep elf death mage
 10646 | Elf:1    | Noticed a deep elf death mage
 10646 | Elf:1    | Reached skill level 15 in Polearms
 10802 | Elf:1    | Killed a deep elf death mage
 10808 | Elf:1    | Killed a ghostly deep elf death mage
 11122 | Elf:1    | Reached XP level 13. HP: 121/122 MP: 12/12
 11125 | Elf:1    | Reached skill level 16 in Polearms
 11563 | Elf:2    | Found a huge runed gate.
 11563 | Elf:2    | Found a huge runed gate.
 11563 | Elf:2    | Found a huge runed gate.
 11569 | Elf:2    | Found a huge runed gate.
 11571 | Elf:2    | Found a huge runed gate.
 11597 | Elf:2    | Noticed a deep elf blademaster
 11627 | Elf:2    | Received a gift from Trog
 11688 | Elf:2    | Slain by a battleaxe of electrocution

Skill      XL: |  1  2  3  4  5  6  7  8  9 10 11 12 13 |
---------------+----------------------------------------+-----
Fighting       | 4 5 6 7 8 10 11 13 | 13.5
Polearms       | 4 5 6 8 10 12 14 15 16 | 16.3
Armour         | 3 4 5 6 8 10 11 12 13 14 | 14.1
Dodging        | 3 4 5 6 7 |  7.4
Stealth        | 1 2 |  2.0

Action                   |  1- 3 |  4- 6 |  7- 9 | 10-12 | 13-15 || total
-------------------------+-------+-------+-------+-------+-------++-------
Melee: Spear             |    86 |   100 |       |   208 |       ||   394
       Headbutt          |    11 |    25 |    64 |   126 |    10 ||   236
       Trident           |       |    41 |   258 |    39 |       ||   338
       Bardiche          |       |       |       |   157 |       ||   157
       Demon trident     |       |       |       |   192 |    58 ||   250
Invok: Berserk           |     1 |     1 |     4 |     8 |       ||    14
       Trog's Hand       |       |     2 |     2 |     2 |       ||     6
       Burn Spellbooks   |       |     1 |       |       |       ||     1
  Use: Scroll            |     1 |     5 |     7 |     9 |       ||    22
       Potion            |       |     1 |     2 |     7 |       ||    10
  Eat: Chunk             |     1 |     4 |     6 |    13 |       ||    24
       Beef jerky        |     1 |       |       |       |       ||     1
       Bread ration      |       |     1 |       |       |     1 ||     2
       Fruit             |       |       |     4 |     9 |     1 ||    14
       Meat ration       |       |       |     1 |       |       ||     1
       Pizza             |       |       |     1 |     1 |       ||     2
Armor: Animal skin       |     7 |       |       |       |       ||     7
       Ring mail         |    32 |    24 |       |       |       ||    56
       Plate armour      |       |    42 |   157 |   368 |    69 ||   636
Dodge: Dodged            |    63 |    59 |   112 |   248 |    29 ||   511
